%YAML 1.1
%TAG !u! tag:unity3d.com,2011:
--- !u!29 &1
OcclusionCullingSettings:
  m_ObjectHideFlags: 0
  serializedVersion: 2
  m_OcclusionBakeSettings:
    smallestOccluder: 5
    smallestHole: 0.25
    backfaceThreshold: 100
  m_SceneGUID: 00000000000000000000000000000000
  m_OcclusionCullingData: {fileID: 0}
--- !u!104 &2
RenderSettings:
  m_ObjectHideFlags: 0
  serializedVersion: 9
  m_Fog: 0
  m_FogColor: {r: 0.5, g: 0.5, b: 0.5, a: 1}
  m_FogMode: 3
  m_FogDensity: 0.01
  m_LinearFogStart: 0
  m_LinearFogEnd: 300
  m_AmbientSkyColor: {r: 0.212, g: 0.227, b: 0.259, a: 1}
  m_AmbientEquatorColor: {r: 0.114, g: 0.125, b: 0.133, a: 1}
  m_AmbientGroundColor: {r: 0.047, g: 0.043, b: 0.035, a: 1}
  m_AmbientIntensity: 1
  m_AmbientMode: 0
  m_SubtractiveShadowColor: {r: 0.42, g: 0.478, b: 0.627, a: 1}
  m_SkyboxMaterial: {fileID: 10304, guid: 0000000000000000f000000000000000, type: 0}
  m_HaloStrength: 0.5
  m_FlareStrength: 1
  m_FlareFadeSpeed: 3
  m_HaloTexture: {fileID: 0}
  m_SpotCookie: {fileID: 10001, guid: 0000000000000000e000000000000000, type: 0}
  m_DefaultReflectionMode: 0
  m_DefaultReflectionResolution: 128
  m_ReflectionBounces: 1
  m_ReflectionIntensity: 1
  m_CustomReflection: {fileID: 0}
  m_Sun: {fileID: 0}
  m_IndirectSpecularColor: {r: 0, g: 0, b: 0, a: 1}
  m_UseRadianceAmbientProbe: 0
--- !u!157 &3
LightmapSettings:
  m_ObjectHideFlags: 0
  serializedVersion: 12
  m_GIWorkflowMode: 1
  m_GISettings:
    serializedVersion: 2
    m_BounceScale: 1
    m_IndirectOutputScale: 1
    m_AlbedoBoost: 1
    m_EnvironmentLightingMode: 0
    m_EnableBakedLightmaps: 1
    m_EnableRealtimeLightmaps: 0
  m_LightmapEditorSettings:
    serializedVersion: 12
    m_Resolution: 2
    m_BakeResolution: 40
    m_AtlasSize: 1024
    m_AO: 0
    m_AOMaxDistance: 1
    m_CompAOExponent: 1
    m_CompAOExponentDirect: 0
    m_ExtractAmbientOcclusion: 0
    m_Padding: 2
    m_LightmapParameters: {fileID: 0}
    m_LightmapsBakeMode: 1
    m_TextureCompression: 1
    m_FinalGather: 0
    m_FinalGatherFiltering: 1
    m_FinalGatherRayCount: 256
    m_ReflectionCompression: 2
    m_MixedBakeMode: 2
    m_BakeBackend: 1
    m_PVRSampling: 1
    m_PVRDirectSampleCount: 32
    m_PVRSampleCount: 512
    m_PVRBounces: 2
    m_PVREnvironmentSampleCount: 256
    m_PVREnvironmentReferencePointCount: 2048
    m_PVRFilteringMode: 1
    m_PVRDenoiserTypeDirect: 1
    m_PVRDenoiserTypeIndirect: 1
    m_PVRDenoiserTypeAO: 1
    m_PVRFilterTypeDirect: 0
    m_PVRFilterTypeIndirect: 0
    m_PVRFilterTypeAO: 0
    m_PVREnvironmentMIS: 1
    m_PVRCulling: 1
    m_PVRFilteringGaussRadiusDirect: 1
    m_PVRFilteringGaussRadiusIndirect: 5
    m_PVRFilteringGaussRadiusAO: 2
    m_PVRFilteringAtrousPositionSigmaDirect: 0.5
    m_PVRFilteringAtrousPositionSigmaIndirect: 2
    m_PVRFilteringAtrousPositionSigmaAO: 1
    m_ExportTrainingData: 0
    m_TrainingDataDestination: TrainingData
    m_LightProbeSampleCountMultiplier: 4
  m_LightingDataAsset: {fileID: 0}
  m_LightingSettings: {fileID: 0}
--- !u!196 &4
NavMeshSettings:
  serializedVersion: 2
  m_ObjectHideFlags: 0
  m_BuildSettings:
    serializedVersion: 2
    agentTypeID: 0
    agentRadius: 0.5
    agentHeight: 2
    agentSlope: 45
    agentClimb: 0.4
    ledgeDropHeight: 0
    maxJumpAcrossDistance: 0
    minRegionArea: 2
    manualCellSize: 0
    cellSize: 0.16666667
    manualTileSize: 0
    tileSize: 256
    accuratePlacement: 0
    maxJobWorkers: 0
    preserveTilesOutsideBounds: 0
    debug:
      m_Flags: 0
  m_NavMeshData: {fileID: 0}
--- !u!1001 &30792021
PrefabInstance:
  m_ObjectHideFlags: 0
  serializedVersion: 2
  m_Modification:
    m_TransformParent: {fileID: 0}
    m_Modifications:
    - target: {fileID: 2169024370572414139, guid: 8cce3c404594ae64896747fc4b1e39f7, type: 3}
      propertyPath: m_LocalPosition.x
      value: 28.186466
      objectReference: {fileID: 0}
    - target: {fileID: 2169024370572414139, guid: 8cce3c404594ae64896747fc4b1e39f7, type: 3}
      propertyPath: m_LocalPosition.y
      value: 6.6931677
      objectReference: {fileID: 0}
    - target: {fileID: 2169024370572414139, guid: 8cce3c404594ae64896747fc4b1e39f7, type: 3}
      propertyPath: m_LocalPosition.z
      value: -182.33801
      objectReference: {fileID: 0}
    - target: {fileID: 2169024370572414139, guid: 8cce3c404594ae64896747fc4b1e39f7, type: 3}
      propertyPath: m_LocalRotation.x
      value: 0
      objectReference: {fileID: 0}
    - target: {fileID: 2169024370572414139, guid: 8cce3c404594ae64896747fc4b1e39f7, type: 3}
      propertyPath: m_LocalRotation.y
      value: 0
      objectReference: {fileID: 0}
    - target: {fileID: 2169024370572414139, guid: 8cce3c404594ae64896747fc4b1e39f7, type: 3}
      propertyPath: m_LocalRotation.z
      value: 0
      objectReference: {fileID: 0}
    - target: {fileID: 2169024370572414139, guid: 8cce3c404594ae64896747fc4b1e39f7, type: 3}
      propertyPath: m_LocalRotation.w
      value: 1
      objectReference: {fileID: 0}
    - target: {fileID: 2169024370572414139, guid: 8cce3c404594ae64896747fc4b1e39f7, type: 3}
      propertyPath: m_RootOrder
      value: 4
      objectReference: {fileID: 0}
    - target: {fileID: 2169024370572414139, guid: 8cce3c404594ae64896747fc4b1e39f7, type: 3}
      propertyPath: m_LocalEulerAnglesHint.x
      value: 0
      objectReference: {fileID: 0}
    - target: {fileID: 2169024370572414139, guid: 8cce3c404594ae64896747fc4b1e39f7, type: 3}
      propertyPath: m_LocalEulerAnglesHint.y
      value: 0
      objectReference: {fileID: 0}
    - target: {fileID: 2169024370572414139, guid: 8cce3c404594ae64896747fc4b1e39f7, type: 3}
      propertyPath: m_LocalEulerAnglesHint.z
      value: 0
      objectReference: {fileID: 0}
    - target: {fileID: 2169024370572414140, guid: 8cce3c404594ae64896747fc4b1e39f7, type: 3}
      propertyPath: m_Name
      value: Music
      objectReference: {fileID: 0}
    m_RemovedComponents: []
  m_SourcePrefab: {fileID: 100100000, guid: 8cce3c404594ae64896747fc4b1e39f7, type: 3}
--- !u!1 &35036219
GameObject:
  m_ObjectHideFlags: 0
  m_CorrespondingSourceObject: {fileID: 0}
  m_PrefabInstance: {fileID: 0}
  m_PrefabAsset: {fileID: 0}
  serializedVersion: 6
  m_Component:
  - component: {fileID: 35036221}
  - component: {fileID: 35036220}
  m_Layer: 0
  m_Name: cloud2
  m_TagString: Untagged
  m_Icon: {fileID: 0}
  m_NavMeshLayer: 0
  m_StaticEditorFlags: 0
  m_IsActive: 1
--- !u!212 &35036220
SpriteRenderer:
  m_ObjectHideFlags: 0
  m_CorrespondingSourceObject: {fileID: 0}
  m_PrefabInstance: {fileID: 0}
  m_PrefabAsset: {fileID: 0}
  m_GameObject: {fileID: 35036219}
  m_Enabled: 1
  m_CastShadows: 0
  m_ReceiveShadows: 0
  m_DynamicOccludee: 1
  m_MotionVectors: 1
  m_LightProbeUsage: 1
  m_ReflectionProbeUsage: 1
  m_RayTracingMode: 0
  m_RayTraceProcedural: 0
  m_RenderingLayerMask: 1
  m_RendererPriority: 0
  m_Materials:
  - {fileID: 10754, guid: 0000000000000000f000000000000000, type: 0}
  m_StaticBatchInfo:
    firstSubMesh: 0
    subMeshCount: 0
  m_StaticBatchRoot: {fileID: 0}
  m_ProbeAnchor: {fileID: 0}
  m_LightProbeVolumeOverride: {fileID: 0}
  m_ScaleInLightmap: 1
  m_ReceiveGI: 1
  m_PreserveUVs: 0
  m_IgnoreNormalsForChartDetection: 0
  m_ImportantGI: 0
  m_StitchLightmapSeams: 1
  m_SelectedEditorRenderState: 0
  m_MinimumChartSize: 4
  m_AutoUVMaxDistance: 0.5
  m_AutoUVMaxAngle: 89
  m_LightmapParameters: {fileID: 0}
  m_SortingLayerID: 0
  m_SortingLayer: 0
  m_SortingOrder: 0
  m_Sprite: {fileID: 21300000, guid: 98b8ae84e19dc1f449299e4025ef7742, type: 3}
  m_Color: {r: 1, g: 1, b: 1, a: 0.05490196}
  m_FlipX: 0
  m_FlipY: 0
  m_DrawMode: 0
  m_Size: {x: 7.94, y: 3.93}
  m_AdaptiveModeThreshold: 0.5
  m_SpriteTileMode: 0
  m_WasSpriteAssigned: 1
  m_MaskInteraction: 0
  m_SpriteSortPoint: 0
--- !u!4 &35036221
Transform:
  m_ObjectHideFlags: 0
  m_CorrespondingSourceObject: {fileID: 0}
  m_PrefabInstance: {fileID: 0}
  m_PrefabAsset: {fileID: 0}
  m_GameObject: {fileID: 35036219}
  m_LocalRotation: {x: 0, y: 0, z: 0, w: 1}
  m_LocalPosition: {x: -20.72, y: 13.52, z: 0}
  m_LocalScale: {x: 2.1812, y: 2.1812, z: 2.1812}
  m_Children: []
  m_Father: {fileID: 0}
  m_RootOrder: 6
  m_LocalEulerAnglesHint: {x: 0, y: 0, z: 0}
--- !u!1001 &37395229
PrefabInstance:
  m_ObjectHideFlags: 0
  serializedVersion: 2
  m_Modification:
    m_TransformParent: {fileID: 0}
    m_Modifications:
    - target: {fileID: 5822752498498469313, guid: 5af6090d8910bfa499160cc518d4e8c7, type: 3}
      propertyPath: m_LocalPosition.x
      value: -3.09
      objectReference: {fileID: 0}
    - target: {fileID: 5822752498498469313, guid: 5af6090d8910bfa499160cc518d4e8c7, type: 3}
      propertyPath: m_LocalPosition.y
      value: 4.7208
      objectReference: {fileID: 0}
    - target: {fileID: 5822752498498469313, guid: 5af6090d8910bfa499160cc518d4e8c7, type: 3}
      propertyPath: m_LocalPosition.z
      value: -10
      objectReference: {fileID: 0}
    - target: {fileID: 5822752498498469313, guid: 5af6090d8910bfa499160cc518d4e8c7, type: 3}
      propertyPath: m_LocalRotation.x
      value: 0
      objectReference: {fileID: 0}
    - target: {fileID: 5822752498498469313, guid: 5af6090d8910bfa499160cc518d4e8c7, type: 3}
      propertyPath: m_LocalRotation.y
      value: 0
      objectReference: {fileID: 0}
    - target: {fileID: 5822752498498469313, guid: 5af6090d8910bfa499160cc518d4e8c7, type: 3}
      propertyPath: m_LocalRotation.z
      value: 0
      objectReference: {fileID: 0}
    - target: {fileID: 5822752498498469313, guid: 5af6090d8910bfa499160cc518d4e8c7, type: 3}
      propertyPath: m_LocalRotation.w
      value: 1
      objectReference: {fileID: 0}
    - target: {fileID: 5822752498498469313, guid: 5af6090d8910bfa499160cc518d4e8c7, type: 3}
      propertyPath: m_RootOrder
      value: 0
      objectReference: {fileID: 0}
    - target: {fileID: 5822752498498469313, guid: 5af6090d8910bfa499160cc518d4e8c7, type: 3}
      propertyPath: m_LocalEulerAnglesHint.x
      value: 0
      objectReference: {fileID: 0}
    - target: {fileID: 5822752498498469313, guid: 5af6090d8910bfa499160cc518d4e8c7, type: 3}
      propertyPath: m_LocalEulerAnglesHint.y
      value: 0
      objectReference: {fileID: 0}
    - target: {fileID: 5822752498498469313, guid: 5af6090d8910bfa499160cc518d4e8c7, type: 3}
      propertyPath: m_LocalEulerAnglesHint.z
      value: 0
      objectReference: {fileID: 0}
    - target: {fileID: 5822752498498469315, guid: 5af6090d8910bfa499160cc518d4e8c7, type: 3}
      propertyPath: m_Name
      value: CM vcam1
      objectReference: {fileID: 0}
    - target: {fileID: 5822752499970664543, guid: 5af6090d8910bfa499160cc518d4e8c7, type: 3}
      propertyPath: m_BackGroundColor.r
      value: 0.6320754
      objectReference: {fileID: 0}
    - target: {fileID: 5822752499970664543, guid: 5af6090d8910bfa499160cc518d4e8c7, type: 3}
      propertyPath: m_BackGroundColor.g
      value: 0.6320754
      objectReference: {fileID: 0}
    - target: {fileID: 5822752499970664543, guid: 5af6090d8910bfa499160cc518d4e8c7, type: 3}
      propertyPath: m_BackGroundColor.b
      value: 0.6320754
      objectReference: {fileID: 0}
    m_RemovedComponents: []
  m_SourcePrefab: {fileID: 100100000, guid: 5af6090d8910bfa499160cc518d4e8c7, type: 3}
--- !u!1 &360702903
GameObject:
  m_ObjectHideFlags: 0
  m_CorrespondingSourceObject: {fileID: 0}
  m_PrefabInstance: {fileID: 0}
  m_PrefabAsset: {fileID: 0}
  serializedVersion: 6
  m_Component:
  - component: {fileID: 360702905}
  - component: {fileID: 360702904}
  m_Layer: 0
  m_Name: cloud2 (1)
  m_TagString: Untagged
  m_Icon: {fileID: 0}
  m_NavMeshLayer: 0
  m_StaticEditorFlags: 0
  m_IsActive: 1
--- !u!212 &360702904
SpriteRenderer:
  m_ObjectHideFlags: 0
  m_CorrespondingSourceObject: {fileID: 0}
  m_PrefabInstance: {fileID: 0}
  m_PrefabAsset: {fileID: 0}
  m_GameObject: {fileID: 360702903}
  m_Enabled: 1
  m_CastShadows: 0
  m_ReceiveShadows: 0
  m_DynamicOccludee: 1
  m_MotionVectors: 1
  m_LightProbeUsage: 1
  m_ReflectionProbeUsage: 1
  m_RayTracingMode: 0
  m_RayTraceProcedural: 0
  m_RenderingLayerMask: 1
  m_RendererPriority: 0
  m_Materials:
  - {fileID: 10754, guid: 0000000000000000f000000000000000, type: 0}
  m_StaticBatchInfo:
    firstSubMesh: 0
    subMeshCount: 0
  m_StaticBatchRoot: {fileID: 0}
  m_ProbeAnchor: {fileID: 0}
  m_LightProbeVolumeOverride: {fileID: 0}
  m_ScaleInLightmap: 1
  m_ReceiveGI: 1
  m_PreserveUVs: 0
  m_IgnoreNormalsForChartDetection: 0
  m_ImportantGI: 0
  m_StitchLightmapSeams: 1
  m_SelectedEditorRenderState: 0
  m_MinimumChartSize: 4
  m_AutoUVMaxDistance: 0.5
  m_AutoUVMaxAngle: 89
  m_LightmapParameters: {fileID: 0}
  m_SortingLayerID: 0
  m_SortingLayer: 0
  m_SortingOrder: 0
  m_Sprite: {fileID: 21300000, guid: 98b8ae84e19dc1f449299e4025ef7742, type: 3}
  m_Color: {r: 1, g: 1, b: 1, a: 0.05490196}
  m_FlipX: 0
  m_FlipY: 0
  m_DrawMode: 0
  m_Size: {x: 7.94, y: 3.93}
  m_AdaptiveModeThreshold: 0.5
  m_SpriteTileMode: 0
  m_WasSpriteAssigned: 1
  m_MaskInteraction: 0
  m_SpriteSortPoint: 0
--- !u!4 &360702905
Transform:
  m_ObjectHideFlags: 0
  m_CorrespondingSourceObject: {fileID: 0}
  m_PrefabInstance: {fileID: 0}
  m_PrefabAsset: {fileID: 0}
  m_GameObject: {fileID: 360702903}
  m_LocalRotation: {x: 0, y: 0, z: 0, w: 1}
  m_LocalPosition: {x: 0.45, y: -6.44, z: 0}
  m_LocalScale: {x: 2.1812, y: 2.1812, z: 2.1812}
  m_Children: []
  m_Father: {fileID: 0}
  m_RootOrder: 7
  m_LocalEulerAnglesHint: {x: 0, y: 0, z: 0}
--- !u!20 &391859800 stripped
Camera:
  m_CorrespondingSourceObject: {fileID: 5822752499970664543, guid: 5af6090d8910bfa499160cc518d4e8c7, type: 3}
  m_PrefabInstance: {fileID: 37395229}
  m_PrefabAsset: {fileID: 0}
--- !u!1 &1367009875
GameObject:
  m_ObjectHideFlags: 0
  m_CorrespondingSourceObject: {fileID: 0}
  m_PrefabInstance: {fileID: 0}
  m_PrefabAsset: {fileID: 0}
  serializedVersion: 6
  m_Component:
  - component: {fileID: 1367009877}
  - component: {fileID: 1367009876}
  m_Layer: 0
  m_Name: cloud2 (2)
  m_TagString: Untagged
  m_Icon: {fileID: 0}
  m_NavMeshLayer: 0
  m_StaticEditorFlags: 0
  m_IsActive: 1
--- !u!212 &1367009876
SpriteRenderer:
  m_ObjectHideFlags: 0
  m_CorrespondingSourceObject: {fileID: 0}
  m_PrefabInstance: {fileID: 0}
  m_PrefabAsset: {fileID: 0}
  m_GameObject: {fileID: 1367009875}
  m_Enabled: 1
  m_CastShadows: 0
  m_ReceiveShadows: 0
  m_DynamicOccludee: 1
  m_MotionVectors: 1
  m_LightProbeUsage: 1
  m_ReflectionProbeUsage: 1
  m_RayTracingMode: 0
  m_RayTraceProcedural: 0
  m_RenderingLayerMask: 1
  m_RendererPriority: 0
  m_Materials:
  - {fileID: 10754, guid: 0000000000000000f000000000000000, type: 0}
  m_StaticBatchInfo:
    firstSubMesh: 0
    subMeshCount: 0
  m_StaticBatchRoot: {fileID: 0}
  m_ProbeAnchor: {fileID: 0}
  m_LightProbeVolumeOverride: {fileID: 0}
  m_ScaleInLightmap: 1
  m_ReceiveGI: 1
  m_PreserveUVs: 0
  m_IgnoreNormalsForChartDetection: 0
  m_ImportantGI: 0
  m_StitchLightmapSeams: 1
  m_SelectedEditorRenderState: 0
  m_MinimumChartSize: 4
  m_AutoUVMaxDistance: 0.5
  m_AutoUVMaxAngle: 89
  m_LightmapParameters: {fileID: 0}
  m_SortingLayerID: 0
  m_SortingLayer: 0
  m_SortingOrder: 0
  m_Sprite: {fileID: 21300000, guid: 98b8ae84e19dc1f449299e4025ef7742, type: 3}
  m_Color: {r: 1, g: 1, b: 1, a: 0.05490196}
  m_FlipX: 0
  m_FlipY: 0
  m_DrawMode: 0
  m_Size: {x: 7.94, y: 3.93}
  m_AdaptiveModeThreshold: 0.5
  m_SpriteTileMode: 0
  m_WasSpriteAssigned: 1
  m_MaskInteraction: 0
  m_SpriteSortPoint: 0
--- !u!4 &1367009877
Transform:
  m_ObjectHideFlags: 0
  m_CorrespondingSourceObject: {fileID: 0}
  m_PrefabInstance: {fileID: 0}
  m_PrefabAsset: {fileID: 0}
  m_GameObject: {fileID: 1367009875}
  m_LocalRotation: {x: 0, y: 0, z: 0, w: 1}
  m_LocalPosition: {x: 7.24, y: 15.53, z: 0}
  m_LocalScale: {x: 2.1812, y: 2.1812, z: 2.1812}
  m_Children: []
  m_Father: {fileID: 0}
  m_RootOrder: 8
  m_LocalEulerAnglesHint: {x: 0, y: 0, z: 0}
--- !u!1001 &1505929795
PrefabInstance:
  m_ObjectHideFlags: 0
  serializedVersion: 2
  m_Modification:
    m_TransformParent: {fileID: 0}
    m_Modifications:
    - target: {fileID: 8003412506426660722, guid: 124242b6b5b620341b39ea423a650bf2, type: 3}
      propertyPath: m_Name
      value: Platform2
      objectReference: {fileID: 0}
    - target: {fileID: 8003412506426660724, guid: 124242b6b5b620341b39ea423a650bf2, type: 3}
      propertyPath: m_LocalPosition.x
      value: -31.02819
      objectReference: {fileID: 0}
    - target: {fileID: 8003412506426660724, guid: 124242b6b5b620341b39ea423a650bf2, type: 3}
      propertyPath: m_LocalPosition.y
      value: -4.514385
      objectReference: {fileID: 0}
    - target: {fileID: 8003412506426660724, guid: 124242b6b5b620341b39ea423a650bf2, type: 3}
      propertyPath: m_LocalPosition.z
      value: 0
      objectReference: {fileID: 0}
    - target: {fileID: 8003412506426660724, guid: 124242b6b5b620341b39ea423a650bf2, type: 3}
      propertyPath: m_LocalRotation.x
      value: 0
      objectReference: {fileID: 0}
    - target: {fileID: 8003412506426660724, guid: 124242b6b5b620341b39ea423a650bf2, type: 3}
      propertyPath: m_LocalRotation.y
      value: 0
      objectReference: {fileID: 0}
    - target: {fileID: 8003412506426660724, guid: 124242b6b5b620341b39ea423a650bf2, type: 3}
      propertyPath: m_LocalRotation.z
      value: 0
      objectReference: {fileID: 0}
    - target: {fileID: 8003412506426660724, guid: 124242b6b5b620341b39ea423a650bf2, type: 3}
      propertyPath: m_LocalRotation.w
      value: 1
      objectReference: {fileID: 0}
    - target: {fileID: 8003412506426660724, guid: 124242b6b5b620341b39ea423a650bf2, type: 3}
      propertyPath: m_RootOrder
      value: 1
      objectReference: {fileID: 0}
    - target: {fileID: 8003412506426660724, guid: 124242b6b5b620341b39ea423a650bf2, type: 3}
      propertyPath: m_LocalEulerAnglesHint.x
      value: 0
      objectReference: {fileID: 0}
    - target: {fileID: 8003412506426660724, guid: 124242b6b5b620341b39ea423a650bf2, type: 3}
      propertyPath: m_LocalEulerAnglesHint.y
      value: 0
      objectReference: {fileID: 0}
    - target: {fileID: 8003412506426660724, guid: 124242b6b5b620341b39ea423a650bf2, type: 3}
      propertyPath: m_LocalEulerAnglesHint.z
      value: 0
      objectReference: {fileID: 0}
    m_RemovedComponents: []
  m_SourcePrefab: {fileID: 100100000, guid: 124242b6b5b620341b39ea423a650bf2, type: 3}
--- !u!1001 &1658172668
PrefabInstance:
  m_ObjectHideFlags: 0
  serializedVersion: 2
  m_Modification:
    m_TransformParent: {fileID: 0}
    m_Modifications:
    - target: {fileID: 713217038981330681, guid: fa4bd3c37e7360243a3507dfa443c0ff, type: 3}
      propertyPath: m_LocalPosition.x
      value: -22.12
      objectReference: {fileID: 0}
    - target: {fileID: 713217038981330681, guid: fa4bd3c37e7360243a3507dfa443c0ff, type: 3}
      propertyPath: m_LocalPosition.y
      value: 0.67
      objectReference: {fileID: 0}
    - target: {fileID: 713217038981330681, guid: fa4bd3c37e7360243a3507dfa443c0ff, type: 3}
      propertyPath: m_LocalPosition.z
      value: 0
      objectReference: {fileID: 0}
    - target: {fileID: 713217038981330681, guid: fa4bd3c37e7360243a3507dfa443c0ff, type: 3}
      propertyPath: m_LocalRotation.x
      value: 0
      objectReference: {fileID: 0}
    - target: {fileID: 713217038981330681, guid: fa4bd3c37e7360243a3507dfa443c0ff, type: 3}
      propertyPath: m_LocalRotation.y
      value: 0
      objectReference: {fileID: 0}
    - target: {fileID: 713217038981330681, guid: fa4bd3c37e7360243a3507dfa443c0ff, type: 3}
      propertyPath: m_LocalRotation.z
      value: 0
      objectReference: {fileID: 0}
    - target: {fileID: 713217038981330681, guid: fa4bd3c37e7360243a3507dfa443c0ff, type: 3}
      propertyPath: m_LocalRotation.w
      value: 1
      objectReference: {fileID: 0}
    - target: {fileID: 713217038981330681, guid: fa4bd3c37e7360243a3507dfa443c0ff, type: 3}
      propertyPath: m_RootOrder
      value: 2
      objectReference: {fileID: 0}
    - target: {fileID: 713217038981330681, guid: fa4bd3c37e7360243a3507dfa443c0ff, type: 3}
      propertyPath: m_LocalEulerAnglesHint.x
      value: 0
      objectReference: {fileID: 0}
    - target: {fileID: 713217038981330681, guid: fa4bd3c37e7360243a3507dfa443c0ff, type: 3}
      propertyPath: m_LocalEulerAnglesHint.y
      value: 0
      objectReference: {fileID: 0}
    - target: {fileID: 713217038981330681, guid: fa4bd3c37e7360243a3507dfa443c0ff, type: 3}
      propertyPath: m_LocalEulerAnglesHint.z
      value: 0
      objectReference: {fileID: 0}
    - target: {fileID: 713217038981330686, guid: fa4bd3c37e7360243a3507dfa443c0ff, type: 3}
      propertyPath: Speed
      value: 0
      objectReference: {fileID: 0}
    - target: {fileID: 713217038981330687, guid: fa4bd3c37e7360243a3507dfa443c0ff, type: 3}
      propertyPath: m_Name
      value: Player
      objectReference: {fileID: 0}
    m_RemovedComponents:
    - {fileID: 713217039675966329, guid: fa4bd3c37e7360243a3507dfa443c0ff, type: 3}
    - {fileID: 823782952168290504, guid: fa4bd3c37e7360243a3507dfa443c0ff, type: 3}
    - {fileID: 713217039675966334, guid: fa4bd3c37e7360243a3507dfa443c0ff, type: 3}
    - {fileID: 713217039675966332, guid: fa4bd3c37e7360243a3507dfa443c0ff, type: 3}
  m_SourcePrefab: {fileID: 100100000, guid: fa4bd3c37e7360243a3507dfa443c0ff, type: 3}
--- !u!1 &1795528913
GameObject:
  m_ObjectHideFlags: 0
  m_CorrespondingSourceObject: {fileID: 0}
  m_PrefabInstance: {fileID: 0}
  m_PrefabAsset: {fileID: 0}
  serializedVersion: 6
  m_Component:
  - component: {fileID: 1795528915}
  - component: {fileID: 1795528914}
  m_Layer: 0
  m_Name: cloud1
  m_TagString: Untagged
  m_Icon: {fileID: 0}
  m_NavMeshLayer: 0
  m_StaticEditorFlags: 0
  m_IsActive: 1
--- !u!212 &1795528914
SpriteRenderer:
  m_ObjectHideFlags: 0
  m_CorrespondingSourceObject: {fileID: 0}
  m_PrefabInstance: {fileID: 0}
  m_PrefabAsset: {fileID: 0}
  m_GameObject: {fileID: 1795528913}
  m_Enabled: 1
  m_CastShadows: 0
  m_ReceiveShadows: 0
  m_DynamicOccludee: 1
  m_MotionVectors: 1
  m_LightProbeUsage: 1
  m_ReflectionProbeUsage: 1
  m_RayTracingMode: 0
  m_RayTraceProcedural: 0
  m_RenderingLayerMask: 1
  m_RendererPriority: 0
  m_Materials:
  - {fileID: 10754, guid: 0000000000000000f000000000000000, type: 0}
  m_StaticBatchInfo:
    firstSubMesh: 0
    subMeshCount: 0
  m_StaticBatchRoot: {fileID: 0}
  m_ProbeAnchor: {fileID: 0}
  m_LightProbeVolumeOverride: {fileID: 0}
  m_ScaleInLightmap: 1
  m_ReceiveGI: 1
  m_PreserveUVs: 0
  m_IgnoreNormalsForChartDetection: 0
  m_ImportantGI: 0
  m_StitchLightmapSeams: 1
  m_SelectedEditorRenderState: 0
  m_MinimumChartSize: 4
  m_AutoUVMaxDistance: 0.5
  m_AutoUVMaxAngle: 89
  m_LightmapParameters: {fileID: 0}
  m_SortingLayerID: 0
  m_SortingLayer: 0
  m_SortingOrder: 0
  m_Sprite: {fileID: 21300000, guid: 0b0e68c70fcefea4184bc2ef484d254f, type: 3}
  m_Color: {r: 1, g: 1, b: 1, a: 0.015686275}
  m_FlipX: 0
  m_FlipY: 0
  m_DrawMode: 0
  m_Size: {x: 7.23, y: 3.15}
  m_AdaptiveModeThreshold: 0.5
  m_SpriteTileMode: 0
  m_WasSpriteAssigned: 1
  m_MaskInteraction: 0
  m_SpriteSortPoint: 0
--- !u!4 &1795528915
Transform:
  m_ObjectHideFlags: 0
  m_CorrespondingSourceObject: {fileID: 0}
  m_PrefabInstance: {fileID: 0}
  m_PrefabAsset: {fileID: 0}
  m_GameObject: {fileID: 1795528913}
  m_LocalRotation: {x: 0, y: 0, z: 0, w: 1}
  m_LocalPosition: {x: 12.08, y: 5.86, z: 0}
  m_LocalScale: {x: 2.782, y: 2.782, z: 2.782}
  m_Children: []
  m_Father: {fileID: 0}
  m_RootOrder: 5
  m_LocalEulerAnglesHint: {x: 0, y: 0, z: 0}
--- !u!1001 &1857112161755333208
PrefabInstance:
  m_ObjectHideFlags: 0
  serializedVersion: 2
  m_Modification:
    m_TransformParent: {fileID: 0}
    m_Modifications:
    - target: {fileID: 1857112160321556689, guid: 5400a48a204173143b035e9209f57e04, type: 3}
      propertyPath: m_margin.y
      value: -8.096567
      objectReference: {fileID: 0}
    - target: {fileID: 1857112160321556689, guid: 5400a48a204173143b035e9209f57e04, type: 3}
      propertyPath: m_text
      value: '[WASD] to move

        [SPACE] jump (short and long)

        [E]
        use the hourglass

        [R] quick restart'
      objectReference: {fileID: 0}
    - target: {fileID: 1857112160321556689, guid: 5400a48a204173143b035e9209f57e04, type: 3}
      propertyPath: m_textInfo.characterCount
      value: 84
      objectReference: {fileID: 0}
    - target: {fileID: 1857112160321556689, guid: 5400a48a204173143b035e9209f57e04, type: 3}
      propertyPath: m_textInfo.spaceCount
      value: 14
      objectReference: {fileID: 0}
    - target: {fileID: 1857112160321556689, guid: 5400a48a204173143b035e9209f57e04, type: 3}
      propertyPath: m_textInfo.lineCount
      value: 4
      objectReference: {fileID: 0}
    - target: {fileID: 1857112160321556689, guid: 5400a48a204173143b035e9209f57e04, type: 3}
      propertyPath: m_textInfo.wordCount
      value: 15
      objectReference: {fileID: 0}
    - target: {fileID: 1857112160321556689, guid: 5400a48a204173143b035e9209f57e04, type: 3}
      propertyPath: m_firstOverflowCharacterIndex
      value: 67
      objectReference: {fileID: 0}
    - target: {fileID: 1857112161294279068, guid: 5400a48a204173143b035e9209f57e04, type: 3}
      propertyPath: m_text
      value: Phantom Hourglass
      objectReference: {fileID: 0}
    - target: {fileID: 1857112161294279068, guid: 5400a48a204173143b035e9209f57e04, type: 3}
      propertyPath: m_firstOverflowCharacterIndex
      value: 8
      objectReference: {fileID: 0}
    - target: {fileID: 1857112161294279068, guid: 5400a48a204173143b035e9209f57e04, type: 3}
      propertyPath: m_textInfo.characterCount
      value: 17
      objectReference: {fileID: 0}
    - target: {fileID: 1857112161812273970, guid: 5400a48a204173143b035e9209f57e04, type: 3}
      propertyPath: m_Camera
      value: 
      objectReference: {fileID: 391859800}
    - target: {fileID: 1857112161812273971, guid: 5400a48a204173143b035e9209f57e04, type: 3}
      propertyPath: m_LocalPosition.x
      value: 0
      objectReference: {fileID: 0}
    - target: {fileID: 1857112161812273971, guid: 5400a48a204173143b035e9209f57e04, type: 3}
      propertyPath: m_LocalPosition.y
      value: 0
      objectReference: {fileID: 0}
    - target: {fileID: 1857112161812273971, guid: 5400a48a204173143b035e9209f57e04, type: 3}
      propertyPath: m_LocalPosition.z
      value: 0
      objectReference: {fileID: 0}
    - target: {fileID: 1857112161812273971, guid: 5400a48a204173143b035e9209f57e04, type: 3}
      propertyPath: m_LocalRotation.x
      value: 0
      objectReference: {fileID: 0}
    - target: {fileID: 1857112161812273971, guid: 5400a48a204173143b035e9209f57e04, type: 3}
      propertyPath: m_LocalRotation.y
      value: 0
      objectReference: {fileID: 0}
    - target: {fileID: 1857112161812273971, guid: 5400a48a204173143b035e9209f57e04, type: 3}
      propertyPath: m_LocalRotation.z
      value: 0
      objectReference: {fileID: 0}
    - target: {fileID: 1857112161812273971, guid: 5400a48a204173143b035e9209f57e04, type: 3}
      propertyPath: m_LocalRotation.w
      value: 1
      objectReference: {fileID: 0}
    - target: {fileID: 1857112161812273971, guid: 5400a48a204173143b035e9209f57e04, type: 3}
      propertyPath: m_RootOrder
      value: 3
      objectReference: {fileID: 0}
    - target: {fileID: 1857112161812273971, guid: 5400a48a204173143b035e9209f57e04, type: 3}
      propertyPath: m_LocalEulerAnglesHint.x
      value: 0
      objectReference: {fileID: 0}
    - target: {fileID: 1857112161812273971, guid: 5400a48a204173143b035e9209f57e04, type: 3}
      propertyPath: m_LocalEulerAnglesHint.y
      value: 0
      objectReference: {fileID: 0}
    - target: {fileID: 1857112161812273971, guid: 5400a48a204173143b035e9209f57e04, type: 3}
      propertyPath: m_LocalEulerAnglesHint.z
      value: 0
      objectReference: {fileID: 0}
    - target: {fileID: 1857112161812273971, guid: 5400a48a204173143b035e9209f57e04, type: 3}
      propertyPath: m_AnchoredPosition.x
      value: 0
      objectReference: {fileID: 0}
    - target: {fileID: 1857112161812273971, guid: 5400a48a204173143b035e9209f57e04, type: 3}
      propertyPath: m_AnchoredPosition.y
      value: 0
      objectReference: {fileID: 0}
    - target: {fileID: 1857112161812273971, guid: 5400a48a204173143b035e9209f57e04, type: 3}
      propertyPath: m_SizeDelta.x
      value: 0
      objectReference: {fileID: 0}
    - target: {fileID: 1857112161812273971, guid: 5400a48a204173143b035e9209f57e04, type: 3}
      propertyPath: m_SizeDelta.y
      value: 0
      objectReference: {fileID: 0}
    - target: {fileID: 1857112161812273971, guid: 5400a48a204173143b035e9209f57e04, type: 3}
      propertyPath: m_AnchorMin.x
      value: 0
      objectReference: {fileID: 0}
    - target: {fileID: 1857112161812273971, guid: 5400a48a204173143b035e9209f57e04, type: 3}
      propertyPath: m_AnchorMin.y
      value: 0
      objectReference: {fileID: 0}
    - target: {fileID: 1857112161812273971, guid: 5400a48a204173143b035e9209f57e04, type: 3}
      propertyPath: m_AnchorMax.x
      value: 0
      objectReference: {fileID: 0}
    - target: {fileID: 1857112161812273971, guid: 5400a48a204173143b035e9209f57e04, type: 3}
      propertyPath: m_AnchorMax.y
      value: 0
      objectReference: {fileID: 0}
    - target: {fileID: 1857112161812273971, guid: 5400a48a204173143b035e9209f57e04, type: 3}
      propertyPath: m_Pivot.x
      value: 0
      objectReference: {fileID: 0}
    - target: {fileID: 1857112161812273971, guid: 5400a48a204173143b035e9209f57e04, type: 3}
      propertyPath: m_Pivot.y
      value: 0
      objectReference: {fileID: 0}
    - target: {fileID: 1857112161812273983, guid: 5400a48a204173143b035e9209f57e04, type: 3}
      propertyPath: m_Name
      value: HomeCanvas
      objectReference: {fileID: 0}
    - target: {fileID: 5026841493936427088, guid: 5400a48a204173143b035e9209f57e04, type: 3}
      propertyPath: m_AnchoredPosition.y
      value: -448
      objectReference: {fileID: 0}
    - target: {fileID: 8467721556697639380, guid: 5400a48a204173143b035e9209f57e04, type: 3}
      propertyPath: m_Color.r
      value: 0.103773594
      objectReference: {fileID: 0}
    - target: {fileID: 8467721556697639380, guid: 5400a48a204173143b035e9209f57e04, type: 3}
      propertyPath: m_Color.g
      value: 0.1023051
      objectReference: {fileID: 0}
    - target: {fileID: 8467721556697639380, guid: 5400a48a204173143b035e9209f57e04, type: 3}
      propertyPath: m_Color.b
      value: 0.1023051
      objectReference: {fileID: 0}
    - target: {fileID: 9145698758208249265, guid: 5400a48a204173143b035e9209f57e04, type: 3}
      propertyPath: m_Color.r
      value: 0.8018868
      objectReference: {fileID: 0}
    - target: {fileID: 9145698758208249265, guid: 5400a48a204173143b035e9209f57e04, type: 3}
      propertyPath: m_Color.g
      value: 0.8018868
      objectReference: {fileID: 0}
    - target: {fileID: 9145698758208249265, guid: 5400a48a204173143b035e9209f57e04, type: 3}
      propertyPath: m_Color.b
      value: 0.8018868
      objectReference: {fileID: 0}
    m_RemovedComponents: []
  m_SourcePrefab: {fileID: 100100000, guid: 5400a48a204173143b035e9209f57e04, type: 3}
